 Dungeon Crawl Stone Soup version 0.29.0-4-gdea44cf6ec (webtiles) character file.

Game seed: 9356010650351424916

989 qw the Chopper (level 7, -5/54 HPs)
             Began as a Demonspawn Cinder Acolyte on Sept 9, 2022.
             Was an Elder of Ignis.
             Shot with an arrow by a centaur (12 damage)
             ... on level 6 of the Dungeon.
             The game lasted 00:06:25 (21267 turns).

qw the Chopper (Demonspawn Cinder Acolyte)         Turns: 21267, Time: 00:06:25

Health: -5/54      AC: 10    Str: 16    XL:     7   Next: 98%
Magic:  8/8        EV:  4    Int: 16    God:    Ignis [****..]
Gold:   388        SH:  0    Dex:  8    Spells: 8/8 levels left

rFire   + . .      SeeInvis .   m - +1 hand axe (vamp)
rCold   . . .      Faith    .   (no shield)
rNeg    + . .      Spirit   .   h - +0 plate armour
rPois   .          Reflect  .   (helmet restricted)
rElec   .          Harm     .   (no cloak)
rCorr   .          Rampage  .   (no gloves)
Will    .....                   (no boots)
Stlth   ..........              (no amulet)
HPRegen 0.18/turn               l - ring of positive energy
MPRegen 0.11/turn               j - +4 ring of slaying {mikee}

@: no status effects
A: antennae 1, powered by death 2, weakness stinger 1, demonic touch 1
a: Renounce Religion, Fiery Armour, Foxfire Swarm, Rising Flame


You were on level 6 of the Dungeon.
You worshipped Ignis.
Ignis was greatly pleased with you.
You visited 1 branch of the dungeon, and saw 6 of its levels.

You collected 388 gold pieces.


Innate Abilities, Weirdness & Mutations

You have a pair of small antennae on your head.
You regenerate health from kills.
You have a small tail.
Your touch may inflict minor irresistible damage on your foes.


   Skills:
 - Level 4.2 Fighting
 - Level 7.6 Axes
 - Level 1.9 Throwing
 + Level 1.5 Armour
 - Level 1.4 Dodging
 - Level 1.0 Spellcasting
 - Level 2.6 Fire Magic


You had 8 spell levels left.
You didn't know any spells.
Your spell library contained the following spells:

 Spells                   Type           Power      Damage    Failure   Level
 Scorch                   Fire           18%        2d6       100%        2

Inventory:

Hand Weapons
 d - a +0 flail
 m - a +1 vampiric hand axe (weapon)
Missiles
 o - a boomerang (quivered)
Armour
 h - a +0 plate armour (worn)
Jewellery
 a - a ring of ice
 j - a +4 ring of slaying (right hand) {mikee}
 l - a ring of positive energy (left hand)
Scrolls
 b - 2 scrolls of teleportation
 r - a scroll of identify
Potions
 c - 3 potions of curing
 e - a potion of degeneration {unknown}
 f - a potion of magic {unknown}
 g - a potion of might {unknown}
 i - 2 potions of heal wounds
 k - a potion of berserk rage {unknown}

Dungeon Overview and Level Annotations

Branches:
Dungeon (6/15)             Temple (0/1) D:5

Altars:

Annotations:
D:2 1 runed translucent door, Crazy Yiuf


Message History

You hear a shout!
20995 ||| FLEEEEING.
You see here a scroll of fear.
There is a stone staircase leading up here.
You start resting.
HP restored.
The centaur shouts! x2; You hear a shout!
The centaur shoots an arrow.
The arrow hits you but does no damage.
The centaur shoots an arrow.
The arrow hits you!
The centaur shoots an arrow.
The arrow hits you.
21058 ||| FLEEEEING.
You see here a scroll of fear.
There is a stone staircase leading up here.
You start resting.
HP restored.
The centaur shoots an arrow.
The arrow hits you!
The centaur shoots an arrow.
The arrow hits you!
21136 ||| FLEEEEING.
You see here a scroll of fear.
There is a stone staircase leading up here.
You start resting.
HP restored.
The centaur shoots an arrow.
The arrow hits you!
The centaur shoots an arrow.
The arrow barely misses you.
21262 ||| FLEEEEING.
21263 ||| FLEEEEING.
The centaur shoots an arrow.
The arrow hits you.
The centaur shouts!
You hear a shout!
The centaur shouts!
21264 ||| FLEEEEING.
The centaur shoots an arrow.
The arrow hits you!
The centaur shoots an arrow.
The arrow hits you.
21265 ||| FLEEEEING.
The centaur shoots an arrow.
The arrow hits you!
The centaur shoots an arrow.
The arrow hits you!
The centaur shoots an arrow.
The arrow completely misses you.
21266 ||| FLEEEEING.
The centaur shoots an arrow.
The arrow hits you.
21267 ||| FLEEEEING.
The centaur shoots an arrow.
The arrow hits you!
You die...

#....###..#?.#
###.#........#<#####
######..................#
#.....##.#.....##.....###
#.....+........######..####
#.....##.#.....# ####..##.
#........#.....# #.###.^.^
#..............# #.##..^..
#........#@...)####.##.....
##########..........##..^..
#############.##........^.....
#..............'...........^^^
#..............#.......#......
#.......~~~~~~.##.##..........
#....~~~~~~~~~~~#.####.##.....
#...~~~~~~.c~~~~~.# #.##...^.
#..~~~~c####.~~~~~~# #.##.^...


You could see a centaur.

Vanquished Creatures
  Menkaure (D:5)
  Duvessa (D:5)
  An ogre (D:6)
  A sky beast (D:5)
  A centaur (D:6)
  2 scorpions
  Dowan (D:5)
  An orc priest (D:5)
  A hound (D:6)
  4 iguanas
  4 gnolls (D:4)
  8 adders
  2 white imps
  2 ufetubi
  2 worms
  A dart slug (D:4)
  5 orcs
  6 ball pythons
  3 bats
  6 endoplasms
  4 goblins
  2 hobgoblins
  4 jackals (D:4)
  A quokka (D:5)
  2 frilled lizards (D:3)
  3 kobolds
69 creatures vanquished.

Notes
Turn   | Place    | Note
-------+----------+-------------------------------------------
     0 | D:1      | qw the Demonspawn Cinder Acolyte began the quest for the
                  | Orb.
     0 | D:1      | Reached XP level 1. HP: 18/18 MP: 2/2
     0 | D:1      | 0 ||| qw: Version: 0.1-a-113-g051387a
     0 | D:1      | 0 ||| qw: Game counter: 7349
     0 | D:1      | 0 ||| qw: Always use a shield: true
     0 | D:1      | 0 ||| qw: God list: Okawaru
     0 | D:1      | 0 ||| qw: Allow faded altars: false
     0 | D:1      | 0 ||| qw: Do Orc after D:15 true
     0 | D:1      | 0 ||| qw: Do second Lair branch before Depths: true
     0 | D:1      | 0 ||| qw: Lair rune preference: random
     0 | D:1      | 0 ||| qw: Plans: Normal
     0 | D:1      | 0 ||| PLANNING D:1-11
   212 | D:1      | Reached skill level 3 in Axes
   559 | D:1      | 559 ||| UPGRADING to +0 ring mail.
   569 | D:1      | 569 ||| DROPPING +0 robe.
   570 | D:1      | 570 ||| READING 2 scrolls labelled TEAFUQAHOE.
   575 | D:1      | 575 ||| READING scroll labelled XOITWI OSOIJOIQ.
   576 | D:1      | 576 ||| READING scroll labelled ETIPOI WUCLAGEO.
   577 | D:1      | 577 ||| READING scroll labelled UDUARU LOWNA.
   578 | D:1      | 578 ||| DRINKING 3 golden potions.
   579 | D:1      | 579 ||| READING scroll of teleportation.
   736 | D:2      | Discovered your monstrous ancestry.
   736 | D:2      | Gained mutation: Your touch may inflict minor irresistible
                  | damage on your foes. [demonic ancestry]
   736 | D:2      | Reached XP level 2. HP: 24/24 MP: 3/3
  1227 | D:2      | Reached skill level 4 in Axes
  1227 | D:2      | Gained mutation: You regenerate a little health from kills.
                  | [demonic ancestry]
  1227 | D:2      | Reached XP level 3. HP: 16/29 MP: 4/4
  1505 | D:2      | 1505 ||| Stepping ~*~*~tactically~*~*~ (hiding).
  1801 | D:2      | Found a runed translucent door.
  1802 | D:2      | Noticed Crazy Yiuf
  1805 | D:2      | 1805 ||| READING scroll labelled QIUHUHY XICWISE.
  2405 | D:3      | Gained mutation: You regenerate health from kills. [demonic
                  | ancestry]
  2405 | D:3      | Reached XP level 4. HP: 21/35 MP: 5/5
  2405 | D:3      | 2405 ||| STAIRDANCE
  2607 | D:2      | 2607 ||| UPGRADING to ring of positive energy.
  2608 | D:2      | 2608 ||| READING scroll labelled ITEBAY VUIH.
  2609 | D:2      | 2609 ||| READING scroll labelled URENEFR EGAERO.
  2610 | D:2      | 2610 ||| READING scroll labelled LYJAPP XITEMAR.
  2611 | D:2      | 2611 ||| READING scroll labelled ATUNYF IBRI.
  2964 | D:4      | 2964 ||| Stepping ~*~*~tactically~*~*~ (stealth).
  3026 | D:4      | 3026 ||| Stepping ~*~*~tactically~*~*~ (hiding).
  3027 | D:4      | 3027 ||| Stepping ~*~*~tactically~*~*~ (hiding).
  3032 | D:4      | 3032 ||| INVOKING Fiery Armour.
  3042 | D:4      | Reached skill level 5 in Axes
  3070 | D:4      | Reached skill level 1 in Dodging
  3070 | D:4      | Gained mutation: You have a small tail. [demonic ancestry]
  3070 | D:4      | Reached XP level 5. HP: 34/41 MP: 6/6
  3197 | D:4      | 3197 ||| READING scroll of enchant weapon.
  3197 | D:4      | 3197 ||| ENCHANTING +0 hand axe of flaming.
  3200 | D:4      | 3200 ||| Stepping ~*~*~tactically~*~*~ (stealth).
  3203 | D:4      | 3203 ||| Stepping ~*~*~tactically~*~*~ (stealth).
  3381 | D:4      | Identified the +4 ring mail "Rariror" {rPois Dex-5 Stlth+}
  3780 | D:4      | 3780 ||| UPGRADING to +0 helmet.
  3785 | D:4      | 3785 ||| UPGRADING to +0 scale mail.
  3795 | D:4      | 3795 ||| DROPPING +0 ring mail.
  3796 | D:4      | 3796 ||| UPGRADING to +4 ring mail "Rariror" {rPois Dex-5
                  | Stlth+}.
  3806 | D:4      | 3806 ||| DROPPING +0 scale mail.
  3807 | D:4      | 3807 ||| UPGRADING to +4 ring of slaying {mikee}.
  3808 | D:4      | 3808 ||| READING scroll labelled NOTYF TUOBLIUG.
  3853 | D:4      | 3853 ||| DROPPING +0 club.
  3854 | D:4      | 3854 ||| READING scroll labelled PUFFEG YMIR.
  3855 | D:4      | 3855 ||| READING scroll labelled JESIHU LURU IFIM.
  3956 | D:4      | 3956 ||| DRINKING 3 bubbling inky potions.
  3973 | D:5      | Entered Level 5 of the Dungeon
  3977 | D:5      | Noticed Duvessa
  3979 | D:5      | 3979 ||| STAIRDANCE
  3979 | D:5      | Noticed Dowan
  3986 | D:4      | 3986 ||| DROPPING +0 whip.
  3990 | D:5      | 3990 ||| STAIRDANCE
  4020 | D:5      | 4020 ||| STAIRDANCE
  4051 | D:5      | 4051 ||| STAIRDANCE
  4125 | D:5      | 4125 ||| STAIRDANCE
  4194 | D:5      | 4194 ||| STAIRDANCE
  4254 | D:5      | 4254 ||| STAIRDANCE
  4276 | D:5      | 4276 ||| STAIRDANCE
  4329 | D:5      | 4329 ||| INVOKING Fiery Armour.
  4333 | D:5      | Killed Dowan
  4334 | D:5      | Reached skill level 1 in Armour
  4334 | D:5      | Reached XP level 6. HP: 29/47 MP: 7/7
  4336 | D:5      | HP: 8/47 [Duvessa/+0 short sword (14)]
  4337 | D:5      | 4337 ||| READING 2 scrolls of teleportation.
  4338 | D:5      | 4338 ||| DRINKING 3 potions of heal wounds.
  4541 | D:5      | 4541 ||| Stepping ~*~*~tactically~*~*~ (hiding).
  4644 | D:5      | 4644 ||| Stepping ~*~*~tactically~*~*~ (stealth).
  4646 | D:5      | 4646 ||| Stepping ~*~*~tactically~*~*~ (hiding).
  4654 | D:5      | Reached skill level 6 in Axes
  4936 | D:5      | 4936 ||| Stepping ~*~*~tactically~*~*~ (stealth).
  4944 | D:5      | 4944 ||| Stepping ~*~*~tactically~*~*~ (stealth).
  4946 | D:5      | 4946 ||| Stepping ~*~*~tactically~*~*~ (stealth).
  4966 | D:5      | 4966 ||| INVOKING Fiery Armour.
  4967 | D:5      | Killed Duvessa
  5243 | D:5      | Found a staircase to the Ecumenical Temple.
  5372 | D:5      | Noticed Menkaure
  5373 | D:5      | 5373 ||| Stepping ~*~*~tactically~*~*~ (hiding).
  5377 | D:5      | Killed Menkaure
  5378 | D:5      | Gained mutation: You have a pair of small antennae on your
                  | head. [demonic ancestry]
  5378 | D:5      | Reached XP level 7. HP: 54/54 MP: 8/8
  5867 | D:5      | 5867 ||| DROPPING +0 helmet.
  5868 | D:5      | 5868 ||| READING scroll labelled JOGORIJAIF.
  5869 | D:5      | 5869 ||| DRINKING 2 sedimented black potions.
  5870 | D:5      | 5870 ||| READING 2 scrolls of identify.
  5870 | D:5      | 5870 ||| IDENTIFYING pink potion
  5871 | D:5      | 5871 ||| DROPPING potion of lignification.
  5872 | D:5      | 5872 ||| DROPPING potion of attraction.
  5924 | D:6      | 5924 ||| FLEEEEING.
  5928 | D:6      | 5928 ||| FLEEEEING.
  5979 | D:6      | 5979 ||| FLEEEEING.
  5999 | D:6      | Reached skill level 7 in Axes
  6053 | D:6      | 6053 ||| FLEEEEING.
  6106 | D:6      | 6106 ||| FLEEEEING.
  6158 | D:6      | 6158 ||| FLEEEEING.
  6236 | D:6      | 6236 ||| FLEEEEING.
  6238 | D:6      | 6238 ||| FLEEEEING.
  6309 | D:6      | 6309 ||| FLEEEEING.
  6383 | D:6      | 6383 ||| FLEEEEING.
  6384 | D:6      | 6384 ||| FLEEEEING.
  6502 | D:6      | 6502 ||| FLEEEEING.
  6549 | D:6      | 6549 ||| FLEEEEING.
  6604 | D:6      | 6604 ||| FLEEEEING.
  6642 | D:6      | 6642 ||| FLEEEEING.
  6729 | D:6      | 6729 ||| FLEEEEING.
  6870 | D:6      | 6870 ||| FLEEEEING.
  6871 | D:6      | 6871 ||| FLEEEEING.
  6872 | D:6      | 6872 ||| FLEEEEING.
  6873 | D:6      | 6873 ||| FLEEEEING.
  6874 | D:6      | 6874 ||| FLEEEEING.
  6875 | D:6      | 6875 ||| FLEEEEING.
  6876 | D:6      | 6876 ||| FLEEEEING.
  7049 | D:6      | 7049 ||| FLEEEEING.
  7050 | D:6      | 7050 ||| FLEEEEING.
  7051 | D:6      | 7051 ||| FLEEEEING.
  7052 | D:6      | 7052 ||| FLEEEEING.
  7205 | D:6      | 7205 ||| FLEEEEING.
  7206 | D:6      | 7206 ||| FLEEEEING.
  7207 | D:6      | 7207 ||| FLEEEEING.
  7208 | D:6      | 7208 ||| FLEEEEING.
  7209 | D:6      | 7209 ||| FLEEEEING.
  7426 | D:6      | 7426 ||| FLEEEEING.
  7427 | D:6      | 7427 ||| FLEEEEING.
  7428 | D:6      | 7428 ||| FLEEEEING.
  7429 | D:6      | 7429 ||| FLEEEEING.
  7589 | D:6      | 7589 ||| FLEEEEING.
  7668 | D:6      | 7668 ||| FLEEEEING.
  7715 | D:6      | 7715 ||| FLEEEEING.
  7765 | D:6      | 7765 ||| FLEEEEING.
  7828 | D:6      | 7828 ||| FLEEEEING.
  7863 | D:6      | 7863 ||| FLEEEEING.
  7913 | D:6      | 7913 ||| FLEEEEING.
  7953 | D:6      | 7953 ||| FLEEEEING.
  7993 | D:6      | 7993 ||| FLEEEEING.
  8050 | D:6      | 8050 ||| FLEEEEING.
  8051 | D:6      | 8051 ||| FLEEEEING.
  8052 | D:6      | 8052 ||| FLEEEEING.
  8053 | D:6      | 8053 ||| FLEEEEING.
  8128 | D:6      | 8128 ||| FLEEEEING.
  8173 | D:6      | 8173 ||| FLEEEEING.
  8298 | D:6      | 8298 ||| FLEEEEING.
  8299 | D:6      | 8299 ||| FLEEEEING.
  8300 | D:6      | 8300 ||| FLEEEEING.
  8385 | D:6      | 8385 ||| FLEEEEING.
  8452 | D:6      | 8452 ||| FLEEEEING.
  8493 | D:6      | 8493 ||| FLEEEEING.
  8494 | D:6      | 8494 ||| FLEEEEING.
  8537 | D:6      | 8537 ||| FLEEEEING.
  8640 | D:6      | 8640 ||| FLEEEEING.
  8641 | D:6      | 8641 ||| FLEEEEING.
  8642 | D:6      | 8642 ||| FLEEEEING.
  8643 | D:6      | 8643 ||| FLEEEEING.
  8859 | D:6      | 8859 ||| FLEEEEING.
  8860 | D:6      | 8860 ||| FLEEEEING.
  8861 | D:6      | 8861 ||| FLEEEEING.
  8991 | D:6      | 8991 ||| FLEEEEING.
  8992 | D:6      | 8992 ||| FLEEEEING.
  9067 | D:6      | 9067 ||| FLEEEEING.
  9068 | D:6      | 9068 ||| FLEEEEING.
  9069 | D:6      | 9069 ||| FLEEEEING.
  9070 | D:6      | 9070 ||| FLEEEEING.
  9147 | D:6      | 9147 ||| FLEEEEING.
  9148 | D:6      | 9148 ||| FLEEEEING.
  9223 | D:6      | 9223 ||| FLEEEEING.
  9253 | D:6      | 9253 ||| FLEEEEING.
  9303 | D:6      | 9303 ||| FLEEEEING.
  9304 | D:6      | 9304 ||| FLEEEEING.
  9401 | D:6      | 9401 ||| FLEEEEING.
  9457 | D:6      | 9457 ||| FLEEEEING.
  9508 | D:6      | 9508 ||| FLEEEEING.
  9587 | D:6      | 9587 ||| FLEEEEING.
  9588 | D:6      | 9588 ||| FLEEEEING.
  9687 | D:6      | 9687 ||| FLEEEEING.
  9688 | D:6      | 9688 ||| FLEEEEING.
  9689 | D:6      | 9689 ||| FLEEEEING.
  9868 | D:6      | 9868 ||| FLEEEEING.
  9869 | D:6      | 9869 ||| FLEEEEING.
 10012 | D:6      | 10012 ||| FLEEEEING.
 10013 | D:6      | 10013 ||| FLEEEEING.
 10107 | D:6      | 10107 ||| FLEEEEING.
 10108 | D:6      | 10108 ||| FLEEEEING.
 10207 | D:6      | 10207 ||| FLEEEEING.
 10248 | D:6      | 10248 ||| FLEEEEING.
 10341 | D:6      | 10341 ||| FLEEEEING.
 10413 | D:6      | 10413 ||| FLEEEEING.
 10414 | D:6      | 10414 ||| FLEEEEING.
 10489 | D:6      | 10489 ||| FLEEEEING.
 10490 | D:6      | 10490 ||| FLEEEEING.
 10491 | D:6      | 10491 ||| FLEEEEING.
 10492 | D:6      | 10492 ||| FLEEEEING.
 10493 | D:6      | 10493 ||| FLEEEEING.
 10669 | D:6      | 10669 ||| FLEEEEING.
 10719 | D:6      | 10719 ||| FLEEEEING.
 10789 | D:6      | 10789 ||| FLEEEEING.
 10853 | D:6      | 10853 ||| FLEEEEING.
 10994 | D:6      | 10994 ||| FLEEEEING.
 11051 | D:6      | 11051 ||| FLEEEEING.
 11129 | D:6      | 11129 ||| FLEEEEING.
 11171 | D:6      | 11171 ||| FLEEEEING.
 11237 | D:6      | 11237 ||| FLEEEEING.
 11238 | D:6      | 11238 ||| FLEEEEING.
 11408 | D:6      | 11408 ||| FLEEEEING.
 11409 | D:6      | 11409 ||| FLEEEEING.
 11535 | D:6      | 11535 ||| FLEEEEING.
 11617 | D:6      | 11617 ||| FLEEEEING.
 11680 | D:6      | 11680 ||| FLEEEEING.
 11781 | D:6      | 11781 ||| FLEEEEING.
 11827 | D:6      | 11827 ||| FLEEEEING.
 11861 | D:6      | 11861 ||| FLEEEEING.
 11930 | D:6      | 11930 ||| FLEEEEING.
 11969 | D:6      | 11969 ||| FLEEEEING.
 12025 | D:6      | 12025 ||| FLEEEEING.
 12026 | D:6      | 12026 ||| FLEEEEING.
 12102 | D:6      | 12102 ||| FLEEEEING.
 12103 | D:6      | 12103 ||| FLEEEEING.
 12250 | D:6      | 12250 ||| FLEEEEING.
 12322 | D:6      | 12322 ||| FLEEEEING.
 12323 | D:6      | 12323 ||| FLEEEEING.
 12407 | D:6      | 12407 ||| FLEEEEING.
 12408 | D:6      | 12408 ||| Stepping ~*~*~tactically~*~*~ (stealth).
 12437 | D:6      | 12437 ||| FLEEEEING.
 12496 | D:6      | 12496 ||| FLEEEEING.
 12630 | D:6      | 12630 ||| FLEEEEING.
 12689 | D:6      | 12689 ||| FLEEEEING.
 12771 | D:6      | 12771 ||| FLEEEEING.
 12836 | D:6      | 12836 ||| FLEEEEING.
 12837 | D:6      | 12837 ||| FLEEEEING.
 12885 | D:6      | 12885 ||| FLEEEEING.
 12950 | D:6      | 12950 ||| FLEEEEING.
 12985 | D:6      | 12985 ||| FLEEEEING.
 13058 | D:6      | 13058 ||| FLEEEEING.
 13107 | D:6      | 13107 ||| FLEEEEING.
 13179 | D:6      | 13179 ||| FLEEEEING.
 13211 | D:6      | 13211 ||| FLEEEEING.
 13255 | D:6      | 13255 ||| FLEEEEING.
 13321 | D:6      | 13321 ||| FLEEEEING.
 13408 | D:6      | 13408 ||| FLEEEEING.
 13447 | D:6      | 13447 ||| FLEEEEING.
 13485 | D:6      | 13485 ||| Stepping ~*~*~tactically~*~*~ (stealth).
 13507 | D:6      | 13507 ||| FLEEEEING.
 13508 | D:6      | 13508 ||| FLEEEEING.
 13669 | D:6      | 13669 ||| FLEEEEING.
 13670 | D:6      | 13670 ||| FLEEEEING.
 13779 | D:6      | 13779 ||| FLEEEEING.
 13780 | D:6      | 13780 ||| FLEEEEING.
 13781 | D:6      | 13781 ||| FLEEEEING.
 13782 | D:6      | 13782 ||| FLEEEEING.
 13783 | D:6      | 13783 ||| FLEEEEING.
 14015 | D:6      | 14015 ||| Stepping ~*~*~tactically~*~*~ (stealth).
 14026 | D:6      | 14026 ||| FLEEEEING.
 14084 | D:6      | HP: 11/54 [centaur/arrow (6)]
 14085 | D:6      | 14085 ||| FLEEEEING.
 14335 | D:6      | 14335 ||| FLEEEEING.
 14336 | D:6      | 14336 ||| FLEEEEING.
 14337 | D:6      | 14337 ||| FLEEEEING.
 14338 | D:6      | 14338 ||| FLEEEEING.
 14339 | D:6      | 14339 ||| FLEEEEING.
 14550 | D:6      | 14550 ||| FLEEEEING.
 14551 | D:6      | 14551 ||| FLEEEEING.
 14623 | D:6      | 14623 ||| FLEEEEING.
 14685 | D:6      | 14685 ||| FLEEEEING.
 14737 | D:6      | 14737 ||| FLEEEEING.
 14802 | D:6      | 14802 ||| FLEEEEING.
 14850 | D:6      | 14850 ||| FLEEEEING.
 14903 | D:6      | 14903 ||| FLEEEEING.
 14904 | D:6      | 14904 ||| FLEEEEING.
 14997 | D:6      | 14997 ||| FLEEEEING.
 15061 | D:6      | 15061 ||| FLEEEEING.
 15171 | D:6      | 15171 ||| FLEEEEING.
 15295 | D:6      | 15295 ||| FLEEEEING.
 15296 | D:6      | 15296 ||| FLEEEEING.
 15297 | D:6      | 15297 ||| FLEEEEING.
 15298 | D:6      | 15298 ||| FLEEEEING.
 15299 | D:6      | 15299 ||| FLEEEEING.
 15300 | D:6      | 15300 ||| FLEEEEING.
 15500 | D:6      | 15500 ||| FLEEEEING.
 15537 | D:6      | 15537 ||| FLEEEEING.
 15645 | D:6      | 15645 ||| FLEEEEING.
 15725 | D:6      | 15725 ||| FLEEEEING.
 15763 | D:6      | 15763 ||| FLEEEEING.
 15818 | D:6      | 15818 ||| FLEEEEING.
 15849 | D:6      | 15849 ||| FLEEEEING.
 15882 | D:6      | 15882 ||| FLEEEEING.
 15938 | D:6      | 15938 ||| FLEEEEING.
 16013 | D:6      | 16013 ||| FLEEEEING.
 16084 | D:6      | 16084 ||| FLEEEEING.
 16129 | D:6      | 16129 ||| FLEEEEING.
 16250 | D:6      | 16250 ||| FLEEEEING.
 16251 | D:6      | 16251 ||| FLEEEEING.
 16252 | D:6      | 16252 ||| FLEEEEING.
 16253 | D:6      | 16253 ||| FLEEEEING.
 16254 | D:6      | 16254 ||| FLEEEEING.
 16255 | D:6      | 16255 ||| FLEEEEING.
 16256 | D:6      | 16256 ||| FLEEEEING.
 16256 | D:6      | HP: 10/54 [centaur/arrow (8)]
 16257 | D:6      | 16257 ||| FLEEEEING.
 16258 | D:6      | 16258 ||| FLEEEEING.
 16530 | D:6      | Reached skill level 1 in Throwing
 16730 | D:6      | 16730 ||| INVOKING Fiery Armour.
 16949 | D:6      | 16949 ||| Stepping ~*~*~tactically~*~*~ (hiding).
 17330 | D:6      | 17330 ||| Stepping ~*~*~tactically~*~*~ (stealth).
 17333 | D:6      | 17333 ||| FLEEEEING.
 17334 | D:6      | 17334 ||| FLEEEEING.
 17344 | D:6      | 17344 ||| STAIRDANCE
 17402 | D:5      | 17402 ||| UPGRADING to +0 plate armour.
 17412 | D:5      | 17412 ||| DROPPING +4 ring mail "Rariror" {rPois Dex-5
                  | Stlth+}.
 17413 | D:5      | 17413 ||| READING scroll labelled YBOTSU QOTZ.
 17414 | D:5      | 17414 ||| READING scroll labelled TIFUED HOSO.
 17429 | D:6      | 17429 ||| FLEEEEING.
 17439 | D:6      | 17439 ||| STAIRDANCE
 17496 | D:6      | 17496 ||| FLEEEEING.
 17506 | D:6      | 17506 ||| STAIRDANCE
 17550 | D:6      | 17550 ||| FLEEEEING.
 17598 | D:6      | 17598 ||| FLEEEEING.
 17640 | D:6      | 17640 ||| FLEEEEING.
 17641 | D:6      | 17641 ||| FLEEEEING.
 17642 | D:6      | 17642 ||| FLEEEEING.
 17652 | D:6      | 17652 ||| STAIRDANCE
 17828 | D:6      | 17828 ||| FLEEEEING.
 17829 | D:6      | 17829 ||| FLEEEEING.
 17839 | D:6      | 17839 ||| STAIRDANCE
 17967 | D:6      | 17967 ||| FLEEEEING.
 17968 | D:6      | 17968 ||| FLEEEEING.
 17978 | D:6      | 17978 ||| STAIRDANCE
 18056 | D:6      | 18056 ||| FLEEEEING.
 18066 | D:6      | 18066 ||| STAIRDANCE
 18153 | D:6      | 18153 ||| FLEEEEING.
 18200 | D:6      | 18200 ||| FLEEEEING.
 18210 | D:6      | 18210 ||| STAIRDANCE
 18251 | D:6      | 18251 ||| FLEEEEING.
 18287 | D:6      | 18287 ||| FLEEEEING.
 18297 | D:6      | 18297 ||| STAIRDANCE
 18367 | D:6      | 18367 ||| FLEEEEING.
 18377 | D:6      | 18377 ||| STAIRDANCE
 18429 | D:6      | 18429 ||| FLEEEEING.
 18430 | D:6      | 18430 ||| FLEEEEING.
 18440 | D:6      | 18440 ||| STAIRDANCE
 18554 | D:6      | 18554 ||| FLEEEEING.
 18555 | D:6      | 18555 ||| FLEEEEING.
 18565 | D:6      | 18565 ||| STAIRDANCE
 18687 | D:6      | 18687 ||| FLEEEEING.
 18697 | D:6      | 18697 ||| STAIRDANCE
 18791 | D:6      | 18791 ||| FLEEEEING.
 18801 | D:6      | 18801 ||| STAIRDANCE
 18845 | D:6      | 18845 ||| FLEEEEING.
 18892 | D:6      | 18892 ||| FLEEEEING.
 18935 | D:6      | 18935 ||| FLEEEEING.
 18945 | D:6      | 18945 ||| STAIRDANCE
 19027 | D:6      | 19027 ||| FLEEEEING.
 19037 | D:6      | 19037 ||| STAIRDANCE
 19105 | D:6      | 19105 ||| FLEEEEING.
 19106 | D:6      | 19106 ||| FLEEEEING.
 19116 | D:6      | 19116 ||| STAIRDANCE
 19166 | D:6      | 19166 ||| FLEEEEING.
 19167 | D:6      | 19167 ||| FLEEEEING.
 19168 | D:6      | 19168 ||| FLEEEEING.
 19178 | D:6      | 19178 ||| STAIRDANCE
 19291 | D:6      | 19291 ||| FLEEEEING.
 19301 | D:6      | 19301 ||| STAIRDANCE
 19358 | D:6      | 19358 ||| FLEEEEING.
 19368 | D:6      | 19368 ||| STAIRDANCE
 19462 | D:6      | 19462 ||| FLEEEEING.
 19463 | D:6      | 19463 ||| FLEEEEING.
 19574 | D:6      | 19574 ||| FLEEEEING.
 19575 | D:6      | 19575 ||| FLEEEEING.
 19576 | D:6      | 19576 ||| FLEEEEING.
 19577 | D:6      | 19577 ||| FLEEEEING.
 19690 | D:6      | 19690 ||| FLEEEEING.
 19691 | D:6      | 19691 ||| FLEEEEING.
 19692 | D:6      | 19692 ||| FLEEEEING.
 19693 | D:6      | 19693 ||| FLEEEEING.
 19773 | D:6      | 19773 ||| FLEEEEING.
 19774 | D:6      | 19774 ||| FLEEEEING.
 19775 | D:6      | 19775 ||| FLEEEEING.
 19776 | D:6      | 19776 ||| FLEEEEING.
 19988 | D:6      | 19988 ||| FLEEEEING.
 19989 | D:6      | 19989 ||| FLEEEEING.
 19990 | D:6      | 19990 ||| FLEEEEING.
 19991 | D:6      | 19991 ||| FLEEEEING.
 20167 | D:6      | 20167 ||| FLEEEEING.
 20168 | D:6      | 20168 ||| FLEEEEING.
 20169 | D:6      | 20169 ||| FLEEEEING.
 20286 | D:6      | 20286 ||| FLEEEEING.
 20287 | D:6      | 20287 ||| FLEEEEING.
 20400 | D:6      | 20400 ||| FLEEEEING.
 20401 | D:6      | 20401 ||| FLEEEEING.
 20470 | D:6      | 20470 ||| FLEEEEING.
 20471 | D:6      | 20471 ||| FLEEEEING.
 20558 | D:6      | 20558 ||| FLEEEEING.
 20601 | D:6      | 20601 ||| FLEEEEING.
 20672 | D:6      | 20672 ||| FLEEEEING.
 20673 | D:6      | 20673 ||| FLEEEEING.
 20789 | D:6      | 20789 ||| FLEEEEING.
 20790 | D:6      | 20790 ||| FLEEEEING.
 20791 | D:6      | 20791 ||| FLEEEEING.
 20792 | D:6      | 20792 ||| FLEEEEING.
 20915 | D:6      | 20915 ||| FLEEEEING.
 20953 | D:6      | 20953 ||| FLEEEEING.
 20994 | D:6      | 20994 ||| FLEEEEING.
 20995 | D:6      | 20995 ||| FLEEEEING.
 21058 | D:6      | 21058 ||| FLEEEEING.
 21136 | D:6      | 21136 ||| FLEEEEING.
 21262 | D:6      | 21262 ||| FLEEEEING.
 21263 | D:6      | 21263 ||| FLEEEEING.
 21264 | D:6      | 21264 ||| FLEEEEING.
 21265 | D:6      | 21265 ||| FLEEEEING.
 21265 | D:6      | HP: 10/54 [centaur/arrow (9)]
 21266 | D:6      | 21266 ||| FLEEEEING.
 21267 | D:6      | 21267 ||| FLEEEEING.
 21267 | D:6      | Shot with an arrow by a centaur

Levels and vault maps discovered:
D:1:      scummos_arrival_simple_fountains, layout_loops_ring, minivault_19
D:2:      layout_loops_ring, minmay_bisected, uniq_crazy_yiuf_cottage
D:3:      layout_loops_ring
D:4:      layout_basic
D:5:      layout_layer_cave, minmay_temple_entry_from_below_a, uniq_menkaure,
          uniq_duvessa
D:6:      layout_basic, minmay_holes, centaur_isle

Skill      XL: |  1  2  3  4  5  6  7 |
---------------+----------------------+-----
Axes           | 3 4 5 6 7 |  7.6
Dodging        | 1 |  1.4
Armour         | 1 |  1.5
Fighting       | 4 |  4.2
Throwing       | 1 |  1.9
Spellcasting   | |  1.0
Fire Magic     | |  2.6

Action                   |  1- 3 |  4- 6 |  7- 9 || total
-------------------------+-------+-------+-------++-------
Melee: Hand axe          |    83 |   106 |    32 ||   221
       Touch             |    10 |    10 |     4 ||    24
       Tailslap          |       |    13 |     2 ||    15
       Punch             |       |     2 |       ||     2
Throw: Boomerang         |       |     6 |    11 ||    17
Invok: Fiery Armour      |       |     3 |     1 ||     4
  Use: Scroll            |     6 |     9 |     4 ||    19
       Potion            |     1 |     2 |     1 ||     4
Armor: Ring mail         |    33 |    40 |    64 ||   137
       Plate armour      |       |       |    30 ||    30
Dodge: Dodged            |    34 |    47 |   202 ||   283

Table legend:
 A = Non-vault XP
 B = Vault XP
 C = Vault XP percentage of total XP
 D = Non-vault monster count
 E = Vault monster count
 F = Vault count percentage of total count
                 A         B        C        D         E       F
            +---------+---------+-------+---------+---------+-------
      Total |    1026 |     388 |  27.4 |      62 |       7 |  10.1
            +---------+---------+-------+---------+---------+-------
        D:1 |       8 |       0 |   0.0 |       4 |       0 |   0.0
        D:2 |      43 |      17 |  28.3 |      10 |       4 |  28.6
        D:3 |      32 |       0 |   0.0 |      11 |       0 |   0.0
        D:4 |     219 |       0 |   0.0 |      20 |       0 |   0.0
        D:5 |     311 |     371 |  54.4 |       8 |       3 |  27.3
        D:6 |     413 |       0 |   0.0 |       9 |       0 |   0.0
            +---------+---------+-------+---------+---------+-------
